 Dungeon Crawl Stone Soup version 0.30-a0-920-g7493c07aab (webtiles) character file.

Game seed: 9041518173841072180

39 Firecrotchwizard the Insei (level 3, -1/20 HPs)
             Began as a Vine Stalker Monk on Mar 22, 2023.
             Slain by Natasha (6 damage)
             ... on level 2 of the Dungeon.
             The game lasted 00:02:49 (1007 turns).

Firecrotchwizard the Insei (Vine Stalker Monk)      Turns: 1007, Time: 00:02:49

Health: -1/20      AC:  3    Str: 15    XL:     3   Next: 47%
Magic:  0/4        EV: 12    Int: 10    God:
Gold:   50         SH:  0    Dex: 16    Spells: 2/2 levels left

rFire   . . .      SeeInvis .      - Unarmed
rCold   . . .      Faith    .    (no shield)
rNeg    . . .      Spirit   +    g - +0 leather armour
rPois   .          Reflect  .    (no helmet)
rElec   .          Rampage  .    (no cloak)
rCorr   .                        (no gloves)
Will    .....                    (no boots)
Stlth   ++                       (no amulet)
HPRegen 0.23/turn                (no ring)
MPRegen 0.09/turn                (no ring)

@: no status effects
A: fangs 2, magic shield, antimagic bite, no potion heal 2
a: no special abilities


You were on level 2 of the Dungeon.
You visited 1 branch of the dungeon, and saw 2 of its levels.

You collected 50 gold pieces.

Inventory:

Missiles
 c - 5 poisoned darts
 e - 4 atropa-tipped darts
 s - 8 stones (quivered)
Armour
 a - a +0 robe
 d - a +0 helmet
   (You found it on level 1 of the Dungeon)
 g - a +0 leather armour (worn)
   (You found it on level 1 of the Dungeon)
 h - a +0 chain mail
   (You found it on level 2 of the Dungeon)
Scrolls
 b - a scroll of identify {unknown}
 j - a scroll of enchant armour {unknown}
 k - a scroll of fog {unknown}
 l - a scroll of silence {unknown}
Potions
 f - a potion of curing {unknown}
 i - a potion of lignification {unknown}
 G - 2 potions of ambrosia {!q}


   Skills:
 + Level 3.1 Fighting
 - Level 2.6 Dodging
 - Level 2.9 Stealth
 * Level 3.7 Unarmed Combat


You had 2 spell levels left.
You didn't know any spells.
Your spell library contained the following spells:

 Spells                   Type           Power      Damage    Failure   Level
 Sandblast                Erth           0%         2d4       43%         1
 Blink                    Tloc           0%         N/A       56%         2
 Lesser Beckoning         Tloc           0%         N/A       56%         2
 Momentum Strike          Conj/Tloc      0%         3d8       56%         2
 Passwall                 Tmut/Erth      0%         N/A       56%         2
 Inner Flame              Hex/Fire       0%         N/A       80%         3
 Stone Arrow              Conj/Erth      0%         3d7       80%         3
 Flame Wave               Conj/Fire      0%         2d4       99%         4
 Sticky Flame             Conj/Fire      0%         2d3       99%         4


Dungeon Overview and Level Annotations

Branches:
Dungeon (2/15)

Altars:

Annotations:
D:2 Natasha


Innate Abilities, Weirdness & Mutations

You have extremely sharp teeth.
When hurt, damage is shared between your health and your magic reserves.
Your bite disrupts and absorbs the magic of your enemies.
Potions cannot restore your health.


Message History

The hobgoblin barely misses you. The goblin closely misses you.
The goblin attacks as you move away! The goblin misses you.
The hobgoblin attacks as you move away! The hobgoblin closely misses you.
MP restored: 4 The goblin attacks as you move away!
The goblin hits you but does no damage.
Health restored: 20 The hobgoblin attacks as you move away!
The hobgoblin closely misses you. The hobgoblin attacks as you move away!
The hobgoblin closely misses you. The hobgoblin attacks as you move away!
The hobgoblin closely misses you.
You hit the hobgoblin but do no damage. The hobgoblin closely misses you.
The endoplasm jiggles.
You hit the hobgoblin but do no damage.
You bite the hobgoblin, but do no damage.
The hobgoblin closely misses you.
You hit the hobgoblin but do no damage. You bite the hobgoblin.
You drain its power. The hobgoblin hits you.
You take 1 damage, and have 19/20 hp.
You closely miss the hobgoblin.
You bite the hobgoblin, but do no damage.
The hobgoblin hits you.
You now have 3/4 mp.
You hit the hobgoblin but do no damage. The hobgoblin barely misses you.
You hit the hobgoblin but do no damage. Your bite misses the hobgoblin.
The hobgoblin barely misses you.
You hit the hobgoblin but do no damage.
You bite the hobgoblin, but do no damage.
The hobgoblin barely misses you.
You hit the hobgoblin but do no damage.
You bite the hobgoblin, but do no damage.
You hit the hobgoblin but do no damage.
You bite the hobgoblin, but do no damage.
The hobgoblin closely misses you.
Health restored: 20 You closely miss the hobgoblin.
You bite the hobgoblin. You drain its power.
You feel invigorated. The hobgoblin barely misses you.
MP restored: 4 You hit the hobgoblin.
You bite the hobgoblin, but do no damage.
The hobgoblin closely misses you.
You hit the hobgoblin but do no damage. The hobgoblin closely misses you.
You hit the hobgoblin but do no damage. The hobgoblin closely misses you.
You hit the hobgoblin but do no damage.
You bite the hobgoblin, but do no damage.
The hobgoblin barely misses you.
You barely miss the hobgoblin. The hobgoblin closely misses you.
You hit the hobgoblin but do no damage. The hobgoblin barely misses you.
You hit the hobgoblin.
You kill the hobgoblin!
You barely miss the goblin. The goblin hits you with a +0 dagger.
You take 1 damage, and have 19/20 hp.
You punch the goblin!
You kill the goblin!
You hit the endoplasm but do no damage. You bite the endoplasm.
You drain its power. The endoplasm freezes you.
You are frozen.
You take 1 damage, and have 18/20 hp.
You now have 3/4 mp.
You hit the endoplasm. The endoplasm misses you.
You barely miss the endoplasm. The endoplasm hits you.
You now have 2/4 mp.
You hit the endoplasm.
You kill the endoplasm!
l - a scroll labelled LIHOKK XAUVU
Items here: ) [ ††.
You pick up a book of Flames and begin reading...
You add the spells Inner Flame, Sticky Flame and Flame Wave to your library.
Health restored: 20; MP restored: 4 Natasha, Servant of Life and Death comes into view.
Natasha hisses angrily.
Natasha stares at you and mumbles some strange words.
The magic dart hits you.
You take 5 damage, and have 15/20 hp.
MASSIVE DAMAGE!!
You now have 3/4 mp.
Natasha claws you.
You take 5 damage, and have 10/20 hp.
MASSIVE DAMAGE!!
You now have 2/4 mp.
You completely miss Natasha. You bite Natasha.
Natasha's magic leaks into the air.
You drain her magic.
You feel invigorated.
Natasha extends her claws.
Natasha falters for a moment.
MP restored: 4 You closely miss Natasha.
You bite Natasha.
Natasha's magic leaks into the air.
You drain her magic. Natasha barely misses you.
You hit Natasha but do no damage. You bite Natasha.
Natasha's magic leaks into the air.
You drain her magic. Natasha claws you.
You take 1 damage, and have 9/20 hp.
You closely miss Natasha.
Natasha wildly gestures.
You feel disoriented. Natasha misses you.
You closely miss Natasha. Natasha claws you!
* * * LOW HITPOINT WARNING * * *
You take 5 damage, and have 5/20 hp.
MASSIVE DAMAGE!!
You now have 2/4 mp.
You closely miss Natasha. Natasha claws you but does no damage.
You hit Natasha. Natasha claws you!
You die...

..... ## . #.... ##.
...... #.. ......
#.#... ......##
#.##.# .##.......
#.##.# ..........
#h##.# #.###.###.
#@##.# #.# #.....
#.##.# #.# #####.
###.##.# #.# #.
##...##.####.# #.
#............# #.
#..#########.#######.
#.. #......... #..
#..######. #.
#######..# #.


You could see Natasha (magic disrupted).

Vanquished Creatures
  A ball python (D:1)
  7 endoplasms
  A giant cockroach (D:1)
  4 goblins
  2 hobgoblins
  7 jackals
  3 kobolds
  3 bats
  A frilled lizard (D:1)
  3 rats
32 creatures vanquished.

Notes
Turn   | Place    | Note
-------+----------+-------------------------------------------
     0 | D:1      | Firecrotchwizard the Vine Stalker Monk began the quest for
                  | the Orb.
     0 | D:1      | Reached XP level 1. HP: 11/11 MP: 2/2
    71 | D:1      | HP: 2/11 [endoplasm (2)]
   191 | D:1      | Reached XP level 2. HP: 12/16 MP: 1/3
   302 | D:1      | Found a faded altar of an unknown god.
   642 | D:1      | Reached skill level 3 in Fighting
   696 | D:1      | Reached XP level 3. HP: 19/20 MP: 4/4
   996 | D:2      | Noticed Natasha
  1005 | D:2      | HP: 5/20 [Natasha (5)]
  1007 | D:2      | Slain by Natasha

Illustrated notes

Levels and vault maps discovered:
D:1:      co_arrival_square_in_a_square_in_a_square, layout_loops_ring,
          shapermc_ecumenical_altar_petra, minmay_shallow_snake_nest
D:2:      layout_loops_ring, minmay_goblin_kobold_house, uniq_natasha

Skill      XL: |  1  2 |
---------------+-------+-----
Fighting       | 3 |  3.1
Dodging        | |  2.6
Stealth        | |  2.9
Unarmed Combat | |  3.7

Action                     || total
---------------------------++-------
  Melee: Unarmed           ||   131
         Bite              ||    33
         Punch             ||     2
   Stab: Sleeping          ||     5
         Distracted        ||     2
 Armour: Robe              ||    11
         Leather armour    ||    17
  Dodge: Dodged            ||    77

Table legend: (Time is in decaauts)
 A = Elapsed time spent in this place.
 B = Non-inter-level travel time spent in this place.
 C = Inter-level travel time spent in this place.
 D = Time resting spent in this place.
 E = Time spent auto-exploring this place.
 F = Levels seen in this place.
 G = Mean time per level.
                   A        B        C        D        E       F      G
               +--------+--------+--------+--------+--------+-----+--------+
         Total |    998 |    989 |      9 |      0 |    630 |   2 |  499.0 |
       Dungeon |    998 |    989 |      9 |      0 |    630 |   2 |  499.0 |
               +--------+--------+--------+--------+--------+-----+--------+

Top non-repeatable levels by time:
     D:1: 713 daAuts
     D:2: 284 daAuts

Table legend:
 A = Kills in this place as a percentage of kills in the entire game.
 B = Kills by you in this place as a percentage of kills by you in the entire game.
 C = Kills by friends in this place as a percentage of kills by friends in the entire game.
 D = Other kills in this place as a percentage of other kills in the entire game.
 E = Experience gained in this place as a percentage of experience gained in the entire game.
 F = Experience gained in this place divided by the number of levels of this place that you have seen.
                   A       B       C       D       E      F
               +-------+-------+-------+-------+-------+----------------------
         Total | 100.0 | 100.0 |   N/A |   N/A | 100.0 |  28.5
       Dungeon | 100.0 | 100.0 |   N/A |   N/A | 100.0 |  28.5
               +-------+-------+-------+-------+-------+----------------------
